Kradschützen Motorcycle Team
Selects Panzerjäger Kommand Battlegroup
Selects Panzerjäger Kommand Battlegroup
Construct Light Support Kompanie
Selects GrB 39 Grenade Launcher Requisition
Construct Mechanized Kompanie
Pak 38 Anti-tank Gun Team
Selects Defensive Positions
Construct Panzerarmee Kommand
Selects Butterfly Bomb Drop
Walking Stuka Rocket Launcher
Selects Crew Shock Tactics
18-tonne Recovery Half-track
Selects Elefant Tank Destroyer
Kradschützen Motorcycle Team